 Dungeon Crawl Stone Soup version 0.22-a0-271-gc000056 (webtiles) character file.

1921 tidbits the Insei (level 9, -7/66 HPs)
             Began as a Gnoll Transmuter on Mar 11, 2018.
             Killed from afar by a battlesphere (8 damage)
             ... created by a deep elf mage
             ... on level 7 of the Dungeon.
             The game lasted 00:17:07 (1759 turns).

tidbits the Insei (Gnoll Transmuter)                Turns: 1759, Time: 00:17:07

Health: -7/66      AC:  2    Str: 12    XL:     9   Next: 17%
Magic:  18/18      EV: 26    Int: 21    God:
Gold:   709        SH:  0    Dex: 22    Spells: 14/20 levels left

rFire    . . .     SeeInvis .     - Unarmed
rCold    . . .     Gourm    .   (shield currently unavailable)
rNeg     . . .     Faith    .   (armour currently unavailable)
rPois    x         Spirit   .   (helmet currently unavailable)
rElec    .         Reflect  .   (cloak currently unavailable)
rCorr    .         Harm     .   (gloves currently unavailable)
MR       .....                  (boots currently unavailable)
Stlth    +.........             (no amulet)
HPRegen  0.21/turn              r - +3 ring of intelligence
MPRegen  0.16/turn              (no ring)

@: confused, spider-form
A: tiny, distributed training, strong nose
a: End Transformation


You were on level 7 of the Dungeon.
You were hungry.
You were a venomous arachnid creature.
You visited 2 branches of the dungeon, and saw 11 of its levels.
You also visited: Bailey.

You collected 919 gold pieces.
You spent 210 gold pieces at shops.

Inventory:

Hand Weapons
 a - a +0 war axe
 c - a +0 hunting sling
 f - a +0 shortbow
 g - a +0 dagger
 j - the +7 long sword "Ysuri" (melded) {slice, rC+ Int+3 Stlth+}
   (You found it on level 8 of the Dungeon)

   It inflicts extra damage upon your enemies.
   It affects your intelligence (+3).
   It protects you from cold.
   It makes you more stealthy.
 k - a cursed +0 hand axe
 m - a +5 flail
 t - a +2 hunting sling of freezing
   (You found it on level 4 of the Dungeon)
 u - a +2 dagger of protection
   (You took it off an orc wizard on level 4 of the Dungeon)
Missiles
 e - 34 stones (quivered)
 h - 5 tomahawks
 y - 12 tomahawks of returning
Armour
 l - a +0 robe
 B - a +1 robe of magic resistance (melded)
   (You took it off Psyche on level 8 of the Dungeon)
 C - a +0 cloak (melded)
 D - a +0 buckler (melded)
 F - a +0 pair of boots (melded)
 G - a +0 pair of gloves (melded)
Magical Staves
 x - an uncursed staff of earth
   (You found it in a bailey)
Jewellery
 r - a +3 ring of intelligence (left front leg)
   (You found it on level 4 of the Dungeon)
Wands
 b - a wand of random effects (32)
Scrolls
 i - a scroll of identify
 n - 3 scrolls of remove curse
 o - 6 scrolls of teleportation
 p - a scroll of vulnerability
 q - a scroll of enchant weapon
Potions
 s - 2 potions of curing
 A - a potion of flight
Miscellaneous
 v - a fan of gales
Comestibles
 d - 6 rations
 w - a chunk of flesh


   Skills:
 + Level 4.7 Fighting
 + Level 3.9 Short Blades
 + Level 3.9 Long Blades
 + Level 3.9 Axes
 + Level 3.9 Maces & Flails
 + Level 3.9 Polearms
 + Level 3.9 Staves
 + Level 3.9 Slings
 + Level 3.9 Bows
 + Level 3.9 Crossbows
 + Level 3.9 Throwing
 + Level 3.9 Armour
 + Level 6.1 Dodging
 + Level 3.9 Stealth
 + Level 3.9 Shields
 + Level 7.7 Unarmed Combat
 + Level 6.4 Spellcasting
 + Level 3.2 Conjurations
 + Level 3.2 Hexes
 + Level 3.2 Charms
 + Level 3.2 Summonings
 + Level 3.2 Necromancy
 + Level 3.2 Translocations
 + Level 5.0 Transmutations
 + Level 3.2 Fire Magic
 + Level 3.2 Ice Magic
 + Level 3.2 Air Magic
 + Level 3.2 Earth Magic
 + Level 3.2 Poison Magic
 + Level 4.3 Invocations
 + Level 3.9 Evocations


You had 14 spell levels left.
You knew the following spells:

 Your Spells              Type           Power        Failure   Level  Hunger
e - Beastly Appendage     Tmut           ####..       5%          1    None
k - Sticks to Snakes      Tmut           ####....     8%          2    None
p - Spider Form           Tmut/Pois      ###.......   14%         3    #......


Dungeon Overview and Level Annotations

Branches:
Dungeon (10/15)            Temple (1/1) D:6
   Lair: D:8-11         Orc: D:9-12

Altars:
Ashenzari
Dithmenos
Elyvilon
Fedhas
Gozag
Makhleb
Okawaru
Ru
Sif Muna
Trog
Wu Jian
Xom
Zin

Shops:
D:8 [   D:9 ?

Annotations:
D:8 Grum


Innate Abilities, Weirdness & Mutations

Your experience applies equally to all skills.
((You have very sharp teeth.))
Your uncanny sense of smell can sniff out nearby items.


Message History

Wield which item (- for none, * to show all)? (? for menu, Esc to quit)
j - the +7 long sword "Ysuri" (weapon)
{slice, rC+ Int+3 Stlth+}
There is an open door, spattered with blood here.
Items here: )) [[ † a hand axe; a ring mail; a war axe; a plate armour; an orc corpse
Things that are here:
a war axe; a chain mail
Things that are here:
a hand axe; a leather armour
There is an open gate here.
Things that are here:
a stone; 4 tomahawks of returning; a kobold corpse
y - 4 tomahawks of returning
Things that are here:
a stone; 2 tomahawks of returning; a kobold corpse
y - 6 tomahawks of returning (gained 2)
You see here a tomahawk of returning.
y - 7 tomahawks of returning (gained 1)
You see here 2 tomahawks of returning.
y - 9 tomahawks of returning (gained 2)
You see here 3 tomahawks of returning.
y - 12 tomahawks of returning (gained 3)
There is an open gate here.
There is a gate leading back out of this place here.
Welcome back to the Dungeon!
There is an empty arch of ancient stone here.
Unknown command.
Unknown command.
Unknown command.
You see here a hand axe.
You see here 14 gold pieces.
You now have 709 gold pieces (gained 14).
A bullfrog comes into view.
Found a dark potion.
You see here a dark potion.
z - a dark potion
Casting: Spider Form (safe; 4% risk of failure)
Confirm with . or Enter, or press ? or * to list all spells.
You grow a pair of large bovine horns.
The bullfrog gives a loud, deep croak!
The bullfrog barely misses you.
Found a potion of flight.
The bullfrog closely misses you.
Found a granite statue.
You hit the bullfrog.
The bullfrog is moderately wounded.
The bullfrog hits you.
* * * LOW HITPOINT WARNING * * *
The bullfrog hits you.
* * * LOW HITPOINT WARNING * * *
You slash the bullfrog!
You kill the bullfrog!
You see here a potion of flight.
A - a potion of flight You open the gate.
A deep elf mage comes into view. It is wielding a short sword.
The deep elf mage shouts!
The deep elf mage gestures wildly while chanting.
The deep elf mage conjures a globe of magical energy!
Found 39 gold pieces.
A battlesphere comes into view.
You close the gate.
Casting: Beastly Appendage (safe; 1% risk of failure)
Confirm with . or Enter, or press ? or * to list all spells.
You don't have anything to turn into a snake.
Unknown command.
Casting: Sticks to Snakes (safe; 1% risk of failure)
Confirm with . or Enter, or press ? or * to list all spells.
Your horns disappear.
You turn into a venomous arachnid creature.
The +7 long sword "Ysuri" {slice, rC+ Int+3 Stlth+} melds into your body.
Your +0 cloak melds into your body.
Your +0 pair of gloves melds into your body.
Your +0 pair of boots melds into your body.
Your +0 buckler melds into your body.
Your +1 robe of magic resistance melds into your body.
You feel less resistant to hostile enchantments.
It was a potion of ambrosia.
You are confused.
You feel invigorated.
A deep elf mage opens the gate.
You bump into the rock wall.
The deep elf mage gestures at you while chanting.
The magic dart hits you!
* * * LOW HITPOINT WARNING * * *
The battlesphere fires!
The barrage of energy hits you!
* * * LOW HITPOINT WARNING * * *
You are feeling hungry.
The deep elf mage casts a spell at you. The orb of energy misses you.
The orb of energy explodes!
The battlesphere fires!
The barrage of energy hits you!
* * * LOW HITPOINT WARNING * * *
The deep elf mage barely misses you.
You barely miss the deep elf mage.
The deep elf mage hits you with a short sword.
* * * LOW HITPOINT WARNING * * *
The deep elf mage casts a spell at you. The orb of energy hits you!
* * * LOW HITPOINT WARNING * * *
The battlesphere fires!
The barrage of energy hits you!
You die...

#.# ####...........# #.......#.
#.####..............# ##.......##
#..................## #.........#
#..................# #.....(....
......#............# ##..........
.......#####.....(####...........
.......##........................
..........###########............
##..............s...#............
###.............e*.#......>.....
######.8######'''#............ *
#....,,,+$.⌠#............ *
#......,+$..#............ *
#.......+⌠..#............ *
#.8######+++#............ **
#...,,,,,,,,#.#.......... ,*
#...,,,,,,,,#......#.....


You could see a deep elf mage and a battlesphere.

Vanquished Creatures
  Menkaure (D:6)
  5 orc warriors
  2 sky beasts (D:7)
  An ogre (D:7)
  A centaur (D:7)
  2 bullfrogs
  A bullfrog zombie (D:8)
  5 orc wizards
  3 orc priests (D:4)
  Ijyb (D:3)
  An iguana (D:6)
  2 worker ants
  6 adders
  A gnoll (Bailey)
  An adder skeleton (D:7)
  A dart slug (D:4)
  14 orcs
  2 giant cockroaches (D:6)
  5 goblins
  12 hobgoblins
  A quokka (D:3)
  A bat (D:1)
  A frilled lizard (D:1)
  A jackal skeleton (D:6)
  14 kobolds
  A leopard gecko skeleton (D:4)
  2 quokka zombies (D:7)
  A rat (D:2)
89 creatures vanquished.

Vanquished Creatures (collateral kills)
  Psyche (D:8)
  An ice beast (D:6)
  An adder (D:4)
  A shadow imp (D:6)
  A leopard gecko (D:2)
  2 orcs
  A goblin (D:2)
  A rat (D:3)
9 creatures vanquished.

Grand Total: 98 creatures vanquished

Notes
Turn   | Place    | Note
-------+----------+-------------------------------------------
     0 | D:1      | tidbits the Gnoll Transmuter began the quest for the Orb.
     0 | D:1      | Reached XP level 1. HP: 17/17 MP: 6/6
   167 | D:2      | Reached XP level 2. HP: 23/23 MP: 7/7
   171 | D:2      | Learned a level 2 spell: Sticks to Snakes
   257 | D:3      | Reached XP level 3. HP: 27/28 MP: 6/9
   262 | D:3      | Learned a level 3 spell: Spider Form
   311 | D:2      | Reached skill level 5 in Spellcasting
   396 | D:3      | Noticed Ijyb
   407 | D:3      | Killed Ijyb
   407 | D:3      | Reached skill level 1 in Short Blades
   407 | D:3      | Reached skill level 1 in Long Blades
   407 | D:3      | Reached skill level 1 in Axes
   407 | D:3      | Reached skill level 1 in Maces & Flails
   407 | D:3      | Reached skill level 1 in Polearms
   407 | D:3      | Reached skill level 1 in Staves
   407 | D:3      | Reached skill level 1 in Slings
   407 | D:3      | Reached skill level 1 in Bows
   407 | D:3      | Reached skill level 1 in Crossbows
   407 | D:3      | Reached skill level 1 in Throwing
   407 | D:3      | Reached skill level 1 in Armour
   407 | D:3      | Reached skill level 1 in Stealth
   407 | D:3      | Reached skill level 1 in Shields
   407 | D:3      | Reached skill level 1 in Invocations
   407 | D:3      | Reached skill level 1 in Evocations
   407 | D:3      | Reached XP level 4. HP: 30/34 MP: 2/11
   504 | D:4      | Reached skill level 1 in Conjurations
   504 | D:4      | Reached skill level 1 in Hexes
   504 | D:4      | Reached skill level 1 in Charms
   504 | D:4      | Reached skill level 1 in Summonings
   504 | D:4      | Reached skill level 1 in Necromancy
   504 | D:4      | Reached skill level 1 in Translocations
   504 | D:4      | Reached skill level 1 in Fire Magic
   504 | D:4      | Reached skill level 1 in Ice Magic
   504 | D:4      | Reached skill level 1 in Air Magic
   504 | D:4      | Reached skill level 1 in Earth Magic
   504 | D:4      | Reached skill level 1 in Poison Magic
   509 | D:4      | Reached XP level 5. HP: 9/40 MP: 0/12
   570 | D:4      | Reached skill level 3 in Fighting
   570 | D:4      | Reached skill level 4 in Transmutations
   592 | D:4      | Reached XP level 6. HP: 26/47 MP: 1/13
   600 | D:4      | Reached skill level 2 in Invocations
   747 | D:5      | Entered Level 5 of the Dungeon
   770 | D:5      | Found a glowing silver altar of Zin.
   788 | D:6      | Reached skill level 5 in Dodging
   796 | D:6      | Found a staircase to the Ecumenical Temple.
   796 | D:6      | Noticed Menkaure
   801 | Temple   | Entered the Ecumenical Temple
   843 | D:6      | Killed Menkaure
   843 | D:6      | Reached skill level 2 in Short Blades
   843 | D:6      | Reached skill level 2 in Long Blades
   843 | D:6      | Reached skill level 2 in Axes
   843 | D:6      | Reached skill level 2 in Maces & Flails
   843 | D:6      | Reached skill level 2 in Polearms
   843 | D:6      | Reached skill level 2 in Staves
   843 | D:6      | Reached skill level 2 in Slings
   843 | D:6      | Reached skill level 2 in Bows
   843 | D:6      | Reached skill level 2 in Crossbows
   843 | D:6      | Reached skill level 2 in Throwing
   843 | D:6      | Reached skill level 2 in Armour
   843 | D:6      | Reached skill level 2 in Stealth
   843 | D:6      | Reached skill level 2 in Shields
   843 | D:6      | Reached skill level 2 in Evocations
   853 | D:6      | Noticed an ice beast
   854 | D:6      | Found a shadowy altar of Dithmenos.
   860 | D:6      | Killed an ice beast
   860 | D:6      | Reached skill level 7 in Unarmed Combat
   860 | D:6      | Reached XP level 7. HP: 23/52 MP: 8/15
   909 | D:6      | Found a burning altar of Makhleb.
   920 | D:6      | Found a deep blue altar of Sif Muna.
  1071 | D:7      | Reached skill level 2 in Conjurations
  1071 | D:7      | Reached skill level 2 in Hexes
  1071 | D:7      | Reached skill level 2 in Charms
  1071 | D:7      | Reached skill level 2 in Summonings
  1071 | D:7      | Reached skill level 2 in Necromancy
  1071 | D:7      | Reached skill level 2 in Translocations
  1071 | D:7      | Reached skill level 2 in Fire Magic
  1071 | D:7      | Reached skill level 2 in Ice Magic
  1071 | D:7      | Reached skill level 2 in Air Magic
  1071 | D:7      | Reached skill level 2 in Earth Magic
  1071 | D:7      | Reached skill level 2 in Poison Magic
  1089 | D:7      | Reached skill level 3 in Invocations
  1126 | D:7      | Reached XP level 8. HP: 48/60 MP: 8/16
  1132 | D:7      | Noticed a yak
  1132 | D:7      | Noticed a yak
  1198 | D:8      | Noticed Grum
  1198 | D:8      | Noticed a wyvern
  1204 | D:7      | Reached skill level 4 in Fighting
  1204 | D:7      | Reached skill level 3 in Short Blades
  1204 | D:7      | Reached skill level 3 in Long Blades
  1204 | D:7      | Reached skill level 3 in Axes
  1204 | D:7      | Reached skill level 3 in Maces & Flails
  1204 | D:7      | Reached skill level 3 in Polearms
  1204 | D:7      | Reached skill level 3 in Staves
  1204 | D:7      | Reached skill level 3 in Slings
  1204 | D:7      | Reached skill level 3 in Bows
  1204 | D:7      | Reached skill level 3 in Crossbows
  1204 | D:7      | Reached skill level 3 in Throwing
  1204 | D:7      | Reached skill level 3 in Armour
  1204 | D:7      | Reached skill level 3 in Stealth
  1204 | D:7      | Reached skill level 3 in Shields
  1204 | D:7      | Reached skill level 3 in Evocations
  1314 | D:6      | Reached skill level 6 in Spellcasting
  1360 | D:8      | Noticed Psyche
  1371 | D:8      | Got a slimy long sword
  1374 | D:8      | Identified the +7 long sword "Ysuri" {slice, rC+ Int+3 Stlth+} (You found it on level 8 of the Dungeon)
  1395 | D:8      | Killed Psyche
  1413 | D:9      | Found Resypiw's Magic Scroll Shop.
  1419 | D:9      | Bought a scroll of teleportation for 45 gold pieces
  1419 | D:9      | Bought a scroll of teleportation for 45 gold pieces
  1419 | D:9      | Bought a scroll of teleportation for 45 gold pieces
  1419 | D:9      | Bought a scroll of remove curse for 45 gold pieces
  1419 | D:9      | Bought a scroll of identify for 30 gold pieces
  1445 | D:10     | Entered Level 10 of the Dungeon
  1482 | D:8      | You fall through a shaft!
  1493 | D:8      | Found Soafabirph's Armour Boutique.
  1521 | D:7      | Found a flagged portal.
  1530 | Bailey   | Entered a bailey
  1616 | Bailey   | Found a burning altar of Makhleb.
  1631 | Bailey   | Reached skill level 3 in Conjurations
  1631 | Bailey   | Reached skill level 3 in Hexes
  1631 | Bailey   | Reached skill level 3 in Charms
  1631 | Bailey   | Reached skill level 3 in Summonings
  1631 | Bailey   | Reached skill level 3 in Necromancy
  1631 | Bailey   | Reached skill level 3 in Translocations
  1631 | Bailey   | Reached skill level 3 in Fire Magic
  1631 | Bailey   | Reached skill level 3 in Ice Magic
  1631 | Bailey   | Reached skill level 3 in Air Magic
  1631 | Bailey   | Reached skill level 3 in Earth Magic
  1631 | Bailey   | Reached skill level 3 in Poison Magic
  1631 | Bailey   | Reached skill level 4 in Invocations
  1635 | Bailey   | Reached skill level 6 in Dodging
  1635 | Bailey   | Reached XP level 9. HP: 30/66 MP: 7/18
  1644 | Bailey   | Reached skill level 5 in Transmutations
  1750 | D:7      | Noticed a deep elf mage
  1759 | D:7      | HP: 1/66 [deep elf mage/orb of energy (19)]
  1759 | D:7      | Killed from afar by a battlesphere

Vault maps used:
D:1:      minmay_arrival_jagged, minmay_misc_feat_x
D:2:      cheibrodos_greedy_goblins, first_ration
D:3:      uniq_ijyb, uniq_jessica, uniq_natasha
D:4:      dancing_weapons_uskayaw, enter_ossuary_4
D:5:      nicolae_overflow_crystal_walls, lemuel_crystal_altar,
          kennysheep_mini_moat, grunt_decor_cap, grunt_ministairs_7,
          cheibrodos_gnoll_hut
D:6:      nicolae_dithmenos_shadow_blocks, lemuel_crystal_altar, demons_altar,
          overflow_temple_1_default, minmay_temple_entry_trees,
          okawaru_ov_weapons_minmay, uniq_menkaure
D:7:      enter_bailey_2, grunt_livestock, nicolae_water_bricks,
          eino_tiny_chamber, guppyfry_early_elven_hall, uniq_pikel
D:8:      kennysheep_little_box, grunt_lair_entry_orc_guard_hut, basic_altar,
          serial_shops, shop, uniq_grum, uniq_psyche
D:9:      nemelex_xobeh_ov_fountains_minmay, overflow_temple_1_default,
          nicolae_qazlal_style_of_elements, lemuel_zombie_altar_yredelemnul,
          serial_shops, shop
D:10:     kennysheep_orc_monster_closet_entryway, minmay_variable_closet,
          bloody_trog
Temple:   jpeg_temple_island
Bailey:   bailey_axe_3, bailey

Skill      XL: |  1  2  3  4  5  6  7  8  9 |
---------------+----------------------------+-----
Spellcasting   | 5 6 |  6.4
Short Blades   | 1 2 3 |  3.9
Long Blades    | 1 2 3 |  3.9
Axes           | 1 2 3 |  3.9
Maces & Flails | 1 2 3 |  3.9
Polearms       | 1 2 3 |  3.9
Staves         | 1 2 3 |  3.9
Slings         | 1 2 3 |  3.9
Bows           | 1 2 3 |  3.9
Crossbows      | 1 2 3 |  3.9
Throwing       | 1 2 3 |  3.9
Armour         | 1 2 3 |  3.9
Stealth        | 1 2 3 |  3.9
Shields        | 1 2 3 |  3.9
Invocations    | 1 2 3 4 |  4.3
Evocations     | 1 2 3 |  3.9
Conjurations   | 1 2 3 |  3.2
Hexes          | 1 2 3 |  3.2
Charms         | 1 2 3 |  3.2
Summonings     | 1 2 3 |  3.2
Necromancy     | 1 2 3 |  3.2
Translocations | 1 2 3 |  3.2
Fire Magic     | 1 2 3 |  3.2
Ice Magic      | 1 2 3 |  3.2
Air Magic      | 1 2 3 |  3.2
Earth Magic    | 1 2 3 |  3.2
Poison Magic   | 1 2 3 |  3.2
Fighting       | 3 4 |  4.7
Transmutations | 4 5 |  5.0
Dodging        | 5 6 |  6.1
Unarmed Combat | 7 |  7.7

Action                   |  1- 3 |  4- 6 |  7- 9 || total
-------------------------+-------+-------+-------++-------
Melee: Unarmed           |    54 |    82 |   107 ||   243
       Headbutt          |     2 |       |       ||     2
       Kick              |     2 |     1 |       ||     3
       Bite              |     1 |       |       ||     1
       Long sword        |       |       |     2 ||     2
 Fire: Hunting sling     |       |       |    25 ||    25
 Cast: Beastly Appendage |     7 |     2 |     1 ||    10
       Sticks to Snakes  |     5 |     5 |    15 ||    25
       Spider Form       |     3 |    11 |    16 ||    30
Evoke: Wand              |       |       |     1 ||     1
  Use: Potion            |       |     4 |     4 ||     8
       Scroll            |       |     5 |     4 ||     9
 Stab: Distracted        |     1 |     1 |     1 ||     3
       Sleeping          |       |     2 |     1 ||     3
  Eat: Chunk             |       |       |     4 ||     4
Armor: Robe              |     5 |     3 |     6 ||    14
       Skin              |       |     2 |       ||     2
Dodge: Dodged            |    34 |    55 |    94 ||   183
Block: Buckler           |       |       |     8 ||     8

Table legend:
 A = Spawn XP
 B = Non-spawn XP
 C = Spawn XP percentage of total XP
 D = Spawn monster count
 E = Non-spawn monster count
 F = Spawn count percentage of total count
 G = Total turns spent on level
                    A         B        C        D         E        F      G
               +---------+---------+-------+---------+---------+-------+---------
         Total |       0 |    2745 |   0.0 |       0 |      98 |   0.0 |  1759
               +---------+---------+-------+---------+---------+-------+---------
           D:1 |       0 |      14 |   0.0 |       0 |       9 |   0.0 |   164
           D:2 |       0 |      41 |   0.0 |       0 |      16 |   0.0 |   257
           D:3 |       0 |      52 |   0.0 |       0 |       7 |   0.0 |    54
           D:4 |       0 |     306 |   0.0 |       0 |      19 |   0.0 |   272
           D:5 |       0 |      13 |   0.0 |       0 |       1 |   0.0 |    41
           D:6 |       0 |     481 |   0.0 |       0 |      10 |   0.0 |   166
           D:7 |       0 |     795 |   0.0 |       0 |      17 |   0.0 |   432
           D:8 |       0 |     489 |   0.0 |       0 |       3 |   0.0 |    95
        Bailey |       0 |     554 |   0.0 |       0 |      16 |   0.0 |   177
               +---------+---------+-------+---------+---------+-------+---------

Table legend:
 A = Turns spent in this place as a percentage of turns spent in the entire game.
 B = Non-inter-level travel turns spent in this place as a percentage of non-inter-level travel turns spent in the entire game.
 C = Inter-level travel turns spent in this place as a percentage of turns spent in this place.
 D = Turns resting spent in this place as a percentage of non-inter-level travel turns spent in this place.
 E = Turns spent auto-exploring this place as a percentage of non-inter-level travel turns spent in this place.
 F = Non-inter-level travel turns spent in this place divided by the number of levels of this place that you've seen.
                   A       B       C       D       E      F
               +-------+-------+-------+-------+-------+----------------------
         Total | 100.0 | 100.0 |   0.0 |   0.0 |   0.0 | 146.6
       Dungeon |  88.2 |  88.2 |   0.0 |   0.0 |   0.0 | 155.1
        Temple |   1.8 |   1.8 |   0.0 |   0.0 |   0.0 |  31.0
        Bailey |  10.1 |  10.1 |   0.0 |   0.0 |   0.0 | 177.0
               +-------+-------+-------+-------+-------+----------------------

Table legend:
 A = Kills in this place as a percentage of kills in entire the game.
 B = Kills by you in this place as a percentage of kills by you in the entire game.
 C = Kills by friends in this place as a percentage of kills by friends in the entire game.
 D = Other kills in this place as a percentage of other kills in the entire game.
 E = Experience gained in this place as a percentage of experience gained in the entire game.
 F = Experience gained in this place divided by the number of levels of this place that you have seen.
                   A       B       C       D       E      F
               +-------+-------+-------+-------+-------+----------------------
         Total | 100.0 | 100.0 | 100.0 |   N/A | 100.0 | 228.8
       Dungeon |  83.7 |  82.0 | 100.0 |   N/A |  79.8 | 219.1
        Bailey |  16.3 |  18.0 |   0.0 |   N/A |  20.2 | 554.0
               +-------+-------+-------+-------+-------+----------------------

Vault maps used:
D:1:      minmay_arrival_jagged, minmay_misc_feat_x
D:2:      cheibrodos_greedy_goblins, first_ration
D:3:      uniq_ijyb, uniq_jessica, uniq_natasha
D:4:      dancing_weapons_uskayaw, enter_ossuary_4
D:5:      nicolae_overflow_crystal_walls, lemuel_crystal_altar,
          kennysheep_mini_moat, grunt_decor_cap, grunt_ministairs_7,
          cheibrodos_gnoll_hut
D:6:      nicolae_dithmenos_shadow_blocks, lemuel_crystal_altar, demons_altar,
          overflow_temple_1_default, minmay_temple_entry_trees,
          okawaru_ov_weapons_minmay, uniq_menkaure
D:7:      enter_bailey_2, grunt_livestock, nicolae_water_bricks,
          eino_tiny_chamber, guppyfry_early_elven_hall, uniq_pikel
D:8:      kennysheep_little_box, grunt_lair_entry_orc_guard_hut, basic_altar,
          serial_shops, shop, uniq_grum, uniq_psyche
D:9:      nemelex_xobeh_ov_fountains_minmay, overflow_temple_1_default,
          nicolae_qazlal_style_of_elements, lemuel_zombie_altar_yredelemnul,
          serial_shops, shop
D:10:     kennysheep_orc_monster_closet_entryway, minmay_variable_closet,
          bloody_trog
Temple:   jpeg_temple_island
Bailey:   bailey_axe_3, bailey
